AoeStats
← default

Arabian Desert

510282987Analyzed
1v1 RM · 2d ago on Sep 30, 2026· 62m 53s· 2 players
Game mode
Random Map
Map size
Tiny (2 player)
Population
200
Speed
Normal
Resources
Standard
Victory
Conquest
Starting age
Dark Age
Ending age
Imperial Age
RankedLock teamsTeams togetherTeam positionsShared explorationLock speedFull tech treeHidden civsTurbo modeCheats
Victory
Defeat
🇩🇪 Romans · Germany
961
+18
🇹🇷 Jurchens · Türkiye
1004
-18
max
5:32 Loom
10:42 Feudal Age
11:14 Double-Bit Axe
11:11 Horse Collar
12:32 Man-at-Arms
18:58 Scale Mail Armor
25:39 Castle Age
23:51 Gold Mining
23:51 Stone Mining
24:18 Forging
25:47 Pikeman
25:48 Long Swordsman
26:47 Chain Mail Armor
29:03 Iron Casting
28:36 Squires
29:30 Bow Saw
29:25 Heavy Plow
30:13 Bloodlines
36:36 Imperial Age
37:24 Ballistics
38:01 Scale Barding Armor
37:47 Fletching
39:08 Wheelbarrow
38:18 Town Watch
40:30 Chain Barding Armor
41:12 Blast Furnace
41:12 Legionary
41:49 Halberdier
43:56 Bodkin Arrow
49:05 Chemistry
50:23 Siege Engineers
50:15 Capped Ram
52:54 Siege Ram
56:17 Hand Cart
56:03 Town Patrol
59:37 Plate Barding Armor
61:23 Gold Shaft Mining
default
9:18 Feudal Age
10:12 Double-Bit Axe
11:50 Horse Collar
15:49 Loom
21:40 Castle Age
20:30 Scale Barding Armor
24:50 Husbandry
27:19 Bloodlines
28:39 Forging
34:13 Wheelbarrow
33:26 Town Watch
34:53 Town Patrol
37:03 Fletching
37:39 Stone Mining
40:32 Imperial Age
42:20 Squires
42:05 Gambesons
44:45 Conscription
46:38 Elite Steppe Lancer
Connection lost

Rejoining the realm…

Still unreachable

The connection could not be restored.

Session expired

The server has moved on; the page needs a fresh start.